 Dungeon Crawl Stone Soup version 0.29-a0-925-g0a7a3d12f8 (webtiles) character file.

Game seed: 16841965831653302610

8470 greasedhog the Skirmisher (level 11, -14/63 HPs)
             Began as a Gargoyle Hunter on July 28, 2022.
             Was a High Priest of Okawaru.
             Demolished by an ice devil (23 damage)
             ... on level 9 of the Dungeon.
             The game lasted 00:21:11 (9333 turns).

greasedhog the Skirmisher (Gargoyle Hunter)         Turns: 9333, Time: 00:21:12

Health: -14/63     AC: 19    Str: 17      XL:     11   Next: 31%
Magic:  15/15      EV: 19    Int: 10      God:    Okawaru [*****.]
Gold:   416        SH:  0    Dex: 23 (24) Spells: 10/10 levels left

rFire   . . .      SeeInvis .   y - +7 dagger of the Volcano {vorpal, Str+2 Dex+7}
rCold   . . .      Faith    .   (no shield)
rNeg    + . .      Spirit   .   H - +0 acid dragon scales
rPois   ∞          Reflect  .   u - +1 hat
rElec   +          Harm     .   A - scarf {repulsion}
rCorr   +          Rampage  .   g - +0 pair of gloves
Will    .....                   h - +0 pair of boots
Stlth   ++++......              (no amulet)
HPRegen 0.20/turn               k - +4 ring of evasion
MPRegen 0.14/turn               t - +4 ring of slaying

@: repel missiles
A: sickness immunity, AC +8, negative energy resistance 1, electricity
resistance, torment resistance 1, petrification resistance
a: Renounce Religion, Heroism, Finesse, Duel


You were on level 9 of the Dungeon.
You worshipped Okawaru.
Okawaru was extremely pleased with you.
You visited 2 branches of the dungeon, and saw 10 of its levels.
You also visited: Bailey.

You collected 416 gold pieces.

Inventory:

Hand Weapons
 a - a +0 shortbow of freezing
 b - a +2 dagger of venom
 c - a +4 long sword
 y - the +7 dagger of the Volcano (weapon) {vorpal, Str+2 Dex+7}
   (You found it on level 7 of the Dungeon)

   It inflicts extra damage upon your enemies.
   Str:       It affects your strength (+2).
   Dex:       It affects your dexterity (+7).
 K - a +1 arbalest
Armour
 g - a +0 pair of gloves (worn)
 h - a +0 pair of boots (worn)
 u - a +1 hat (worn)
 A - a scarf of repulsion (worn)
 H - +0 acid dragon scales (worn)
Jewellery
 k - a +4 ring of evasion (left hand)
 p - a ring of protection from fire
 t - a +4 ring of slaying (right hand)
Wands
 d - a wand of paralysis (2)
 x - a wand of flame (64)
Scrolls
 l - a scroll of silence
 n - a scroll of brand weapon {unknown}
 o - 4 scrolls of immolation
 q - 4 scrolls of enchant armour
 r - 2 scrolls of magic mapping
 D - 6 scrolls of teleportation
 F - 2 scrolls of vulnerability {unknown}
 G - a scroll of torment
Potions
 e - 2 potions of magic {unknown}
 f - a potion of might {unknown}
 i - a potion of cancellation {unknown}
 j - 3 potions of mutation {unknown}
 m - a potion of ambrosia {unknown}
 v - 2 potions of haste
 z - a potion of lignification {unknown}
 B - a potion of degeneration {unknown}
 C - a potion of flight {unknown}
 E - a potion of invisibility {unknown}
 I - a potion of berserk rage {unknown}
 J - a potion of attraction {unknown}


   Skills:
 - Level 5.1 Fighting
 - Level 5.0 Long Blades
 * Level 11.3 Ranged Weapons
 - Level 6.2 Armour
 - Level 5.0 Dodging
 * Level 7.5 Stealth
 * Level 5.8 Invocations


You had 10 spell levels left.
You didn't know any spells.
Your spell library contained the following spells:

 Spells                   Type           Power      Damage    Failure   Level
 Poisonous Vapours        Pois/Air       0%         N/A       58%         2
 Gell's Gravitas          Tloc           0%         N/A       83%         3
 Teleport Other           Tloc           0%         N/A       83%         3
 Corpse Rot               Necr/Pois/Air  0%         N/A       99%         4
 Dispersal                Tloc           0%         N/A       100%        6


Dungeon Overview and Level Annotations

Branches:
Dungeon (9/15)             Temple (1/1) D:6          Bailey (visited)
   Lair: D:8-11         Orc: D:9-12

Altars:
Elyvilon
Kikubaaqudgha
Nemelex Xobeh
Okawaru
Qazlal
Sif Muna
Trog
Uskayaw


Innate Abilities, Weirdness & Mutations

You are immune to sickness and miasma.
Your stone body is resilient. (AC +8)
You are immune to poison.
You resist negative energy. (rN+)
You are resistant to electric shocks. (rElec)
You are resistant to unholy torment.
You are immune to petrification.


Message History

The arrow hits the ice devil but does no damage.
The ice devil is lightly wounded.
The ice devil barely misses you.
You shoot an arrow. The arrow closely misses the ice devil.
The ice devil barely misses you.
You shoot an arrow. The arrow hits the ice devil!
The ice devil is moderately wounded.
The ice devil hits you but does no damage.
You shoot an arrow. The arrow hits the ice devil!
The ice devil is heavily wounded.
The ice devil hits you! The ice devil freezes you!
* * * LOW HITPOINT WARNING * * *
You are too injured to fight recklessly!
You are too injured to fight recklessly!
You are too injured to fight recklessly!
You are too injured to fight recklessly!
You are too injured to fight recklessly!
You are too injured to fight recklessly!
You are too injured to fight recklessly!
You are too injured to fight recklessly!
You are too injured to fight recklessly!
You are too injured to fight recklessly!
You are too injured to fight recklessly!
You are too injured to fight recklessly!
You are too injured to fight recklessly!
You are too injured to fight recklessly!
You are too injured to fight recklessly!
You are too injured to fight recklessly!
You are too injured to fight recklessly!
You are too injured to fight recklessly!
You are too injured to fight recklessly!
You are too injured to fight recklessly!
You are too injured to fight recklessly!
Your +0 shortbow of freezing stops glowing.
You feel stronger.
You feel agile.
y - the +7 dagger of the Volcano (weapon)
{vorpal, Str+2 Dex+7} The ice devil hits you.
* * * LOW HITPOINT WARNING * * *
The ice devil freezes you!!
You die...

.. .... ############
#######...∩
#..........####..........
#..........#@4'..........
#.....)....).##.........+
#..........####.........#
######.##### #.........#
#..# #.........# #.##
##'######## ###.# #.###
#.<.# #...# #.### ###.#


You could see an ice devil.

Vanquished Creatures
  An orc warlord (Bailey)
  A two-headed ogre (D:8)
  Pikel (D:7)
  Maggie (D:8)
  An ice devil (D:9)
  A red devil (D:9)
  Prince Ribbit (D:8)
  2 wyverns (D:8)
  Grum (D:8)
  An acid dragon (D:8)
  5 water moccasins
  Duvessa (D:4)
  16 orc warriors (Bailey)
  2 black bears
  An ogre (D:6)
  3 centaurs (D:6)
  2 wolves (D:8)
  A kobold brigand (D:7)
  A bullfrog (D:8)
  A necrophage (D:5)
  6 scorpions
  A gnoll sergeant (D:9)
  Dowan (D:4)
  9 wights (D:8)
  An electric eel (D:9)
  A lava snake (D:8)
  3 hounds
  2 jellies
  3 quasits (D:9)
  An orc priest (D:5)
  Ijyb (D:4)
  A gnoll bouda (D:4)
  6 iguanas
  8 orc wizards
  Robin (D:2)
  4 adders
  17 gnolls
  A shadow imp (D:5)
  An ufetubus (D:5)
  A worm (D:4)
  A dart slug (D:2)
  25 orcs
  7 ball pythons
  5 bats
  7 endoplasms
  3 giant cockroaches
  29 goblins
  13 hobgoblins
  3 jackals (D:2)
  2 quokkas
  2 frilled lizards (D:1)
  10 kobolds
  7 rats
227 creatures vanquished.

Vanquished Creatures (others)
  An orc wizard (D:7)
  A demonic plant (D:9)
  A withered plant (D:7)
3 creatures vanquished.

Grand Total: 230 creatures vanquished

Notes
Turn   | Place    | Note
-------+----------+-------------------------------------------
     0 | D:1      | greasedhog the Gargoyle Hunter began the quest for the Orb.
     0 | D:1      | Reached XP level 1. HP: 12/12 MP: 1/1
   275 | D:1      | Reached XP level 2. HP: 17/17 MP: 2/2
  1003 | D:2      | Reached XP level 3. HP: 7/21 MP: 3/3
  1612 | D:2      | Reached XP level 4. HP: 24/26 MP: 4/4
  1725 | D:2      | Noticed Robin
  1733 | D:2      | Killed Robin
  1734 | D:2      | Reached skill level 5 in Ranged Weapons
  2106 | D:3      | Reached XP level 5. HP: 22/30 MP: 5/5
  2357 | D:3      | Noticed a steam dragon
  2570 | D:3      | Found a faded altar of an unknown god.
  2710 | D:3      | Found a white marble altar of Elyvilon.
  2936 | D:4      | Noticed a water moccasin
  2945 | D:4      | Killed a water moccasin
  2946 | D:4      | Reached skill level 6 in Ranged Weapons
  2946 | D:4      | Reached XP level 6. HP: 28/35 MP: 6/6
  3108 | D:4      | Noticed Ijyb
  3112 | D:4      | Killed Ijyb
  3166 | D:4      | Noticed a yak
  3166 | D:4      | Noticed a yak
  3166 | D:4      | Noticed a yak
  3168 | D:4      | Noticed a yak
  3537 | D:4      | Found an iron altar of Okawaru.
  3546 | D:4      | Became a worshipper of Warmaster Okawaru
  3594 | D:4      | Reached XP level 7. HP: 40/40 MP: 7/7
  3733 | D:4      | Reached * piety under Okawaru
  3796 | D:5      | Entered Level 5 of the Dungeon
  3812 | D:4      | Reached skill level 7 in Ranged Weapons
  3812 | D:4      | Reached skill level 5 in Dodging
  3995 | D:5      | Reached skill level 1 in Invocations
  4102 | D:5      | Reached XP level 8. HP: 45/45 MP: 7/9
  4394 | D:5      | Reached skill level 1 in Long Blades
  4744 | D:4      | Noticed Duvessa
  4744 | D:4      | Noticed Dowan
  4764 | D:4      | Killed Duvessa
  4764 | D:4      | Reached ** piety under Okawaru
  4772 | D:4      | Killed Dowan
  5346 | D:5      | Reached skill level 8 in Ranged Weapons
  5648 | D:6      | Reached skill level 5 in Fighting
  5648 | D:6      | Reached XP level 9. HP: 54/54 MP: 10/10
  5705 | D:6      | Found a staircase to the Ecumenical Temple.
  5735 | Temple   | Entered the Ecumenical Temple
  5943 | D:6      | Reached skill level 1 in Armour
  5952 | D:6      | Found a shimmering blue altar of Sif Muna.
  6005 | D:6      | You fall into a shaft and drop 2 floors!
  6083 | D:8      | Noticed Prince Ribbit
  6096 | D:8      | Killed Prince Ribbit
  6238 | D:8      | Reached *** piety under Okawaru
  6382 | D:7      | Reached skill level 9 in Ranged Weapons
  6538 | D:7      | Found a flagged portal.
  6555 | Bailey   | Entered a bailey
  6810 | Bailey   | Reached **** piety under Okawaru
  6811 | Bailey   | Reached skill level 5 in Long Blades
  6828 | Bailey   | Reached XP level 10. HP: 59/59 MP: 11/11
  6840 | Bailey   | Reached skill level 5 in Armour
  6894 | Bailey   | Noticed an orc warlord
  6985 | Bailey   | Killed an orc warlord
  6986 | Bailey   | Reached skill level 10 in Ranged Weapons
  7356 | Bailey   | Reached skill level 5 in Stealth
  7356 | Bailey   | Noticed an orc knight
  7408 | D:7      | Found a stormy altar of Qazlal.
  7408 | D:7      | Found a sparkling altar of Nemelex Xobeh.
  7436 | D:7      | Noticed Pikel
  7448 | D:7      | Killed Pikel
  7451 | D:7      | Identified the +7 dagger of the Volcano {vorpal, Str+2
                  | Dex+7}
  7622 | D:7      | Found an ancient bone altar of Kikubaaqudgha.
  8113 | D:8      | Noticed Grum
  8113 | D:8      | Noticed Maggie
  8134 | D:8      | Killed Grum
  8142 | D:8      | Reached ***** piety under Okawaru
  8198 | D:8      | Reached XP level 11. HP: 63/63 MP: 14/14
  8263 | D:8      | Killed Maggie
  8264 | D:8      | Reached skill level 11 in Ranged Weapons
  8264 | D:8      | Reached skill level 5 in Invocations
  8267 | D:8      | Found a bloodstained altar of Trog.
  8488 | D:8      | Found a hide-covered altar of Uskayaw.
  8512 | D:8      | Noticed a two-headed ogre
  8517 | D:8      | Killed a two-headed ogre
  9333 | D:9      | Demolished by an ice devil

Illustrated notes

Levels and vault maps discovered:
D:1:      elethiomel_arrival_quiet, layout_loops_cross, minmay_ruptured
D:2:      layout_basic, minmay_tiny_reverse_x, uniq_robin
D:3:      layout_basic, nicolae_elyvilon_temple_path,
          dreamdust_ecumenical_altar_angels_and_demons, lightli_corner_chamber
D:4:      layout_basic, okawaru_gym_becter, uniq_duvessa, uniq_ijyb
D:5:      layout_loops_ring
D:6:      layout_loops_corners, nicolae_sif_muna_condensation,
          minmay_temple_entry_overgrown, gup_sewer_entry_glass, kennysheep_donut
D:7:      layout_rooms, kiku_gazebo_garden_becter,
          gammafunk_temple_overflow_wave, enter_bailey_5, uniq_pikel
D:8:      layout_rooms, mainiacjoe_overflow_catch_the_wave, uniq_maggie,
          uniq_grum, uniq_prince_ribbit1
D:9:      layout_roguey, minmay_lair_entry_grove, orc_0_dummy, serial_demonic,
          serial_demonic_f, serial_demonic_a, serial_demonic_g,
          serial_demonic_f, serial_demonic_f, serial_demonic_a,
          serial_demonic_g, serial_demonic_d
Temple:   nicolae_temple_godzebo

Skill      XL: |  1  2  3  4  5  6  7  8  9 10 11 |
---------------+----------------------------------+-----
Dodging        | 2 3 4 5 |  5.0
Ranged Weapons | 5 6 7 8 9 10 11 | 11.3
Invocations    | 1 2 4 5 |  5.8
Fighting       | 5 |  5.1
Long Blades    | 2 5 |  5.0
Armour         | 4 6 |  6.2
Stealth        | 6 7 |  7.5

Action                   |  1- 3 |  4- 6 |  7- 9 | 10-12 || total
-------------------------+-------+-------+-------+-------++-------
Melee: Short sword       |    29 |       |       |       ||    29
       Dagger            |       |     6 |    53 |    81 ||   140
       Rapier            |       |       |    22 |    14 ||    36
       Punch             |       |       |     2 |     5 ||     7
 Fire: Shortbow          |   107 |       |       |   171 ||   278
       Sling             |     9 |   137 |   285 |    83 ||   514
Invok: Heroism           |       |       |       |     8 ||     8
       Finesse           |       |       |       |     3 ||     3
Evoke: Wand              |       |       |       |     5 ||     5
  Use: Scroll            |     4 |     2 |     3 |    10 ||    19
       Potion            |       |       |     3 |     4 ||     7
Armor: Leather armour    |    33 |    13 |    32 |       ||    78
       Acid dragon scale |       |       |    33 |    26 ||    59
Dodge: Dodged            |    79 |    45 |   201 |    95 ||   420
       Repelled          |       |       |     2 |       ||     2

Table legend: (Time is in decaauts)
 A = Elapsed time spent in this place.
 B = Non-inter-level travel time spent in this place.
 C = Inter-level travel time spent in this place.
 D = Time resting spent in this place.
 E = Time spent auto-exploring this place.
 F = Levels seen in this place.
 G = Mean time per level.
                   A        B        C        D        E       F      G
               +--------+--------+--------+--------+--------+-----+--------+
         Total |   9297 |   8692 |    605 |    935 |   5774 |  11 |  845.2 |
       Dungeon |   8520 |   7915 |    605 |    633 |   5676 |   9 |  946.7 |
        Temple |      1 |      1 |      0 |      0 |      0 |   1 |    1.0 |
        Bailey |    775 |    775 |      0 |    302 |     98 |   1 |  775.0 |
               +--------+--------+--------+--------+--------+-----+--------+

Top non-repeatable levels by time:
     D:4: 1497 daAuts
     D:3: 1236 daAuts
     D:1: 993 daAuts
     D:6: 987 daAuts
     D:2: 936 daAuts
     D:8: 819 daAuts
  Bailey: 775 daAuts
     D:5: 734 daAuts
     D:7: 668 daAuts
     D:9: 647 daAuts
  Temple: 1 daAuts
